 Dungeon Crawl Stone Soup version 0.30-a0-469-g84de5afbc5 (webtiles) character file.

Game seed: 3712573276079705100

2513 bande the Cleaver (level 9, -1/55 HPs)
             Began as a Gargoyle Fighter on Dec 20, 2022.
             Slain by an orc warrior
             ... wielding a +0 war axe
              (11 damage)
             ... in a bailey.
             The game lasted 00:12:42 (6498 turns).

bande the Cleaver (Gargoyle Fighter)                Turns: 6498, Time: 00:12:42

Health: -1/55      AC: 26    Str: 21    XL:     9   Next: 53%
Magic:  9/9        EV: 14    Int:  8    God:
Gold:   53         SH:  5    Dex: 13    Spells: 8/8 levels left

rFire   . . .      SeeInvis .    w - +2 war axe (drain)
rCold   . . .      Faith    .    c - +0 buckler
rNeg    + . .      Spirit   .    x - +0 plate armour
rPois   ∞          Reflect  .    r - +0 helmet
rElec   +          Harm     .    t - +1 cloak
rCorr   .          Rampage  .    (no gloves)
Will    .....                    y - +2 pair of boots
Stlth   ..........               (no amulet)
HPRegen 0.29/turn                b - +4 ring of evasion
MPRegen 0.11/turn                g - +4 ring of evasion

@: mighty
A: sickness immunity, AC +6, negative energy resistance 1, electricity
resistance, torment resistance 1, petrification resistance
a: no special abilities


You were in a bailey.
You visited 2 branches of the dungeon, and saw 8 of its levels.
You also visited: Bailey.

You collected 302 gold pieces.
You spent 249 gold pieces at shops.

Inventory:

Hand Weapons
 a - a +0 war axe
 o - a +0 flail
 w - a +2 war axe of draining (weapon)
Armour
 c - a +0 buckler (worn)
 r - a +0 helmet (worn)
 t - a +1 cloak (worn)
 x - a +0 plate armour (worn)
 y - a +2 pair of boots (worn)
Jewellery
 b - a +4 ring of evasion (left hand)
 e - a +6 ring of dexterity
 g - a +4 ring of evasion (right hand)
 n - a +6 ring of intelligence
 q - a ring of fire
 v - a ring of protection from cold
 D - an amulet of magic regeneration
Wands
 s - a wand of digging (3)
 A - a wand of flame (18)
 C - a wand of charming (11)
Scrolls
 i - 4 scrolls of teleportation
 j - a scroll of butterflies
 B - a scroll of enchant weapon
 F - a scroll of blinking
 G - 2 scrolls of fog {unknown}
Potions
 d - 2 potions of might
 f - 6 potions of haste
 h - a potion of mutation
 k - a potion of flight
 l - 3 potions of ambrosia
 m - a potion of curing
 p - a potion of resistance
 u - a potion of berserk rage {unknown}
 z - a potion of attraction {unknown}
 E - 3 potions of heal wounds
 H - 2 potions of cancellation {unknown}


   Skills:
 + Level 5.8 Fighting
 + Level 8.7 Axes
 + Level 6.6 Armour
 + Level 5.7 Shields
 * Level 2.0 Evocations


You had 8 spell levels left.
You didn't know any spells.
Your spell library contained the following spells:

 Spells                   Type           Power      Damage    Failure   Level
 Magic Dart               Conj           0%         1d3       100%        1
 Sandblast                Erth           0%         2d4       100%        1
 Summon Small Mammal      Summ           0%         N/A       100%        1
 Passwall                 Tmut/Erth      0%         N/A       100%        2
 Searing Ray              Conj           0%         2d4       100%        2
 Call Canine Familiar     Summ           0%         N/A       100%        3
 Dazzling Flash           Conj/Hex       0%         N/A       100%        3
 Hailstorm                Conj/Ice       0%         3d3       100%        3
 Inner Flame              Hex/Fire       0%         N/A       100%        3
 Stone Arrow              Conj/Erth      0%         3d7       100%        3
 Summon Guardian Golem    Hex/Summ       0%         N/A       100%        3
 Cause Fear               Hex            0%         N/A       100%        4
 Flame Wave               Conj/Fire      0%         2d4       100%        4
 Fulminant Prism          Conj/Hex       0%         3d5       100%        4
 Ice Form                 Ice/Tmut       0%         N/A       100%        4
 Sticky Flame             Conj/Fire      0%         2d3       100%        4
 Agony                    Necr           0%         N/A       100%        5
 Blade Hands              Tmut           0%         N/A       100%        5
 Irradiate                Conj/Tmut      0%         3d11      100%        5
 Silence                  Hex/Air        0%         N/A       100%        5
 Summon Forest            Summ/Tloc      0%         N/A       100%        5
 Simulacrum               Ice/Necr       0%         N/A       100%        6
 Summon Cactus Giant      Summ           0%         N/A       100%        6
 Dragon Form              Tmut           0%         N/A       100%        7
 Discord                  Hex            0%         N/A       100%        8
 Dragon's Call            Summ           0%         N/A       100%        9


Dungeon Overview and Level Annotations

Branches:
Dungeon (7/15)             Temple (1/1) D:4          Bailey (1/1)

Altars:
Ashenzari
Cheibriados
Dithmenos
Elyvilon
Fedhas
Gozag
Hepliaklqana
Kikubaaqudgha
Makhleb
Nemelex Xobeh
Qazlal
Ru
Sif Muna
Trog
Uskayaw
Vehumet
Wu Jian
Xom
Yredelemnul
Zin
The Shining One

Shops:
D:2 *([   D:3 [   D:6 !(


Innate Abilities, Weirdness & Mutations

You are immune to sickness and miasma.
Your stone body is resilient. (AC +6)
You are immune to poison.
You resist negative energy. (rN+)
You are resistant to electric shocks. (rElec)
You are resistant to unholy torment.
You are immune to petrification.


Message History

A hobgoblin comes into view. It is wielding a +0 hand axe.
An orc comes into view. It is wielding a +0 hand axe. x2
Unknown command.
You feel very mighty all of a sudden.
The orc warrior shouts!
An orc warrior comes into view. It is wielding a +0 war axe. x2
The hobgoblin misses you. You block the orc's attack.
The orc warlord roars a battlecry!
The orcs go into a battle-frenzy!
There is an open door here.
The hobgoblin hits you but does no damage.
Unknown command.
The hobgoblin hits you but does no damage.
The orc warrior hits you with a +0 war axe.
You block the orc warrior's attack. The orc warlord closely misses you.
Unknown command.
You slash the orc warrior!
The orc warrior is heavily wounded.
You hit the orc warrior but do no damage.
You drain the orc warrior. You slash the orc!
You kill the orc!
You slash the orc warrior! You drain the orc warrior.
You barely miss the orc warlord. You barely miss the orc warrior.
You slash the hobgoblin!
You kill the hobgoblin!
The orc warrior hits you with a +0 hand axe!
The orc warrior hits you with a +0 war axe.
The orc warrior barely misses you.
The orc warlord hits you with a +3 broad axe.
You slice the orc warrior!!
The orc warrior is severely wounded.
You slash the orc warrior! You completely miss the orc warrior.
You slash the orc warrior! You drain the orc warrior.
You kill the orc warrior!
You hit the orc warlord.
The orc warrior hits you but does no damage.
The orc warlord hits you with a +3 broad axe!!
* * * LOW HITPOINT WARNING * * *
The orc warrior hits you with a +0 war axe!
You die...

#.........# #.........#
##.......##.......##...)...##
#.......#.........#.......#
##.....##.........##..)))##
##)####...........####)##
##.)...##.........##..)..##
#.......#....oo...#.......#
##.......##...)o..##.......##
#.........#..o@o..#.........#
##.........###o.)###..)......##
#.....⌠.....###'###.....⌠.....#
##.........##88.88##.........##
#.....))..#.......#.........#
##.....))##.......##.......##
#......)'.........'.......#
##.....##.........##.....##
#######.....⌠.....#######


You could see an orc warlord, 4 orc warriors and an orc (strong).

Vanquished Creatures
  A two-headed ogre (D:6)
  A steam dragon (D:7)
  A water moccasin (D:6)
  An ice beast (D:6)
  7 orc warriors (Bailey)
  An ogre (D:6)
  A phantom (D:5)
  A necrophage (D:5)
  2 water moccasin zombies (D:5)
  2 jellies
  5 hounds
  An orc priest (D:6)
  Crazy Yiuf (D:4)
  Terence (D:2)
  2 iguanas
  2 orc wizards (D:6)
  Robin (D:2)
  7 gnolls (Bailey)
  11 adders
  A worm (D:2)
  5 dart slugs
  17 orcs
  6 bats
  6 endoplasms
  4 giant cockroaches
  13 hobgoblins
  2 jackals (D:3)
  4 kobolds
  3 quokkas
  10 ball pythons
  A frilled lizard (D:1)
  27 goblins
  5 rats
153 creatures vanquished.

Notes
Turn   | Place    | Note
-------+----------+-------------------------------------------
     0 | D:1      | bande the Gargoyle Fighter began the quest for the Orb.
     0 | D:1      | Reached XP level 1. HP: 14/14 MP: 1/1
    79 | D:1      | Reached XP level 2. HP: 19/19 MP: 2/2
   285 | D:1      | Reached skill level 2 in Axes
   325 | D:1      | Reached XP level 3. HP: 24/24 MP: 3/3
   642 | D:2      | Noticed Robin
   780 | D:1      | Reached XP level 4. HP: 11/29 MP: 4/4
  1688 | D:2      | Killed Robin
  1716 | D:2      | Found Utanloen's Assorted Antiques.
  1780 | D:2      | Found Inwoolio's Weapon Boutique.
  1784 | D:2      | Found Ejiashua's Antique Armour Shoppe.
  2081 | D:2      | Noticed Terence
  2096 | D:2      | Killed Terence
  2097 | D:2      | Reached skill level 3 in Axes
  2097 | D:2      | Reached XP level 5. HP: 13/33 MP: 5/5
  2514 | D:3      | Found Coizi Caus's Antique Armour Shop.
  2609 | D:3      | Bought a helmet for 99 gold pieces
  2994 | D:4      | Found a staircase to the Ecumenical Temple.
  3177 | D:3      | Reached XP level 6. HP: 36/39 MP: 6/6
  3198 | Temple   | Entered the Ecumenical Temple
  3557 | D:4      | Reached skill level 4 in Axes
  3623 | D:4      | Found a glowing golden altar of the Shining One.
  3851 | D:4      | Found a runed translucent door.
  3852 | D:4      | Noticed Crazy Yiuf
  4036 | D:4      | Killed Crazy Yiuf
  4076 | D:4      | Identified the +8 hammer of Turafey {venom, rF+ rCorr
                  | Int-2}
  4113 | D:5      | Entered Level 5 of the Dungeon
  4165 | D:5      | Reached skill level 5 in Armour
  4165 | D:5      | Reached XP level 7. HP: 32/44 MP: 7/7
  4313 | D:5      | Found a basalt altar of Yredelemnul.
  4489 | D:5      | Got the Secrets of the Commander
  4517 | D:5      | Reached skill level 5 in Axes
  5015 | D:6      | Found a radiant altar of Vehumet.
  5017 | D:6      | Found an ornate altar of the Wu Jian Council.
  5043 | D:6      | Found Xoudwupp's Antique Weapon Shoppe.
  5054 | D:6      | Reached XP level 8. HP: 48/48 MP: 8/8
  5060 | D:6      | Reached skill level 6 in Axes
  5078 | D:6      | Reached skill level 5 in Fighting
  5157 | D:6      | Noticed a two-headed ogre
  5167 | D:6      | Killed a two-headed ogre
  5168 | D:6      | Reached skill level 7 in Axes
  5168 | D:6      | Reached skill level 5 in Shields
  5493 | D:6      | Reached XP level 9. HP: 54/54 MP: 9/9
  5600 | D:6      | Found Zutegi's Distillery.
  5608 | D:6      | Bought 2 potions of heal wounds for 150 gold pieces
  5833 | D:7      | Reached skill level 8 in Axes
  5862 | D:7      | Found a flagged portal.
  5870 | Bailey   | Entered a bailey
  5898 | Bailey   | Reached skill level 1 in Evocations
  6492 | Bailey   | Noticed an orc warlord
  6498 | Bailey   | Slain by an orc warrior

Illustrated notes

Levels and vault maps discovered:
D:1:      sevenhm_arrival_forest_fort_small_4, layout_rooms, skrybe_limestone_x,
          due_unseen_surprise
D:2:      layout_rooms, serial_shops, shop, shop, nicolae_shop_waterfront,
          nrook_mini_vaults, kennysheep_small_spiral, grunt_ministairs_9,
          kennysheep_potato, uniq_terence, uniq_robin
D:3:      layout_basic, serial_shops, nicolae_shop_crystal
D:4:      layout_rooms, nicolae_tso_carved_into_rock,
          minmay_temple_entry_sparse_star, hangedman_decor_clover_reticule,
          hangedman_abyss_or_decor_lesser_grid, kennysheep_donut,
          eino_tiny_chamber, uniq_crazy_yiuf_cottage
D:5:      layout_loops_ring, lemuel_zombie_altar_yredelemnul,
          minmay_misc_feat_hallway, minivault_25, eino_tiny_chamber,
          minivault_24
D:6:      layout_basic, grunt_temple_overflow_open, serial_shops,
          shop_fountains, nicolae_shop_competitors_out_of_business,
          chequers_serial_rivers_small_b
D:7:      layout_loops_ring, enter_bailey_2, minmay_nine_imps, uniq_menkaure,
          uniq_pikel
Temple:   minmay_temple_bridge_d
Bailey:   bailey_axe_minmay_hex_keep, bailey

Skill      XL: |  1  2  3  4  5  6  7  8  9 |
---------------+----------------------------+-----
Axes           | 2 3 4 5 7 8 |  8.7
Fighting       | 4 5 |  5.8
Armour         | 4 5 6 |  6.6
Shields        | 4 5 |  5.7
Evocations     | 2 |  2.0

Action                   |  1- 3 |  4- 6 |  7- 9 || total
-------------------------+-------+-------+-------++-------
Melee: War axe           |    77 |   190 |   173 ||   440
  Use: Scroll            |       |    14 |     5 ||    19
       Potion            |       |       |     1 ||     1
 Stab: Distracted        |       |     1 |       ||     1
Armor: Scale mail        |    52 |    43 |       ||    95
       Chain mail        |       |    71 |     1 ||    72
       Plate armour      |       |       |    85 ||    85
Dodge: Dodged            |    47 |   181 |   115 ||   343
Block: Buckler           |    25 |    77 |    43 ||   145

Table legend: (Time is in decaauts)
 A = Elapsed time spent in this place.
 B = Non-inter-level travel time spent in this place.
 C = Inter-level travel time spent in this place.
 D = Time resting spent in this place.
 E = Time spent auto-exploring this place.
 F = Levels seen in this place.
 G = Mean time per level.
                   A        B        C        D        E       F      G
               +--------+--------+--------+--------+--------+-----+--------+
         Total |   6648 |   6510 |    138 |   2004 |   3236 |   9 |  738.7 |
       Dungeon |   5778 |   5640 |    138 |   1677 |   2900 |   7 |  825.4 |
        Temple |    232 |    232 |      0 |      0 |    212 |   1 |  232.0 |
        Bailey |    637 |    637 |      0 |    327 |    124 |   1 |  637.0 |
               +--------+--------+--------+--------+--------+-----+--------+

Top non-repeatable levels by time:
     D:1: 1725 daAuts
     D:5: 885 daAuts
     D:6: 800 daAuts
     D:4: 782 daAuts
     D:2: 780 daAuts
     D:3: 704 daAuts
  Bailey: 637 daAuts
  Temple: 232 daAuts
     D:7: 100 daAuts
